 Dungeon Crawl Stone Soup version 0.25.1-8-g42b30a86e7 (webtiles) character file.

Game seed: 11977543037988549138

156 FreshCat the Skirmisher (level 5, -4/43 HPs)
             Began as a Merfolk Abyssal Knight on Dec 17, 2020.
             Was a Believer of Lugonu.
             Slain by a gnoll
             ... wielding a +0 halberd
              (13 damage)
             ... on level 4 of the Dungeon on Dec 18, 2020.
             The game lasted 00:26:55 (2804 turns).

FreshCat the Skirmisher (Merfolk Abyssal Knight)    Turns: 2804, Time: 00:26:55

Health: -4/43      AC:  6    Str: 13    XL:     5   Next: 38%
Magic:  6/6        EV: 12    Int: 11    God:    Lugonu [**....]
Gold:   150        SH:  4    Dex: 14    Spells: 4/4 levels left

rFire    . . .     SeeInvis .   l - +0 trident
rCold    . . .     Gourm    .   h - +1 buckler
rNeg     . . .     Faith    .   b - +0 leather armour
rPois    .         Spirit   .   (no helmet)
rElec    .         Reflect  .   m - +2 cloak
rCorr    .         Harm     .   (no gloves)
MR       .....                  (no boots)
Stlth    ++........             (no amulet)
HPRegen  0.14/turn              (no ring)
MPRegen  0.10/turn              (no ring)

@: no status effects
A: change form in water, swift swim, stealthy swim
a: Depart the Abyss, Bend Space, Renounce Religion


You were on level 4 of the Dungeon.
You worshipped Lugonu.
Lugonu was pleased with you.
You were not hungry.

You visited 1 branch of the dungeon, and saw 4 of its levels.
You visited the Abyss 1 time.

You collected 150 gold pieces.

Inventory:

Hand Weapons
 l - a +0 trident (weapon)
Missiles
 g - 168 stones (quivered)
 u - 16 poisoned darts
Armour
 b - a +0 leather armour (worn)
 h - a +1 buckler (worn)
 m - a +2 cloak (worn)
 s - a +1 ring mail of positive energy
Jewellery
 p - an uncursed ring of resist corrosion
Scrolls
 d - a scroll of immolation {unknown}
 e - a scroll of blinking {unknown}
 f - 2 scrolls of teleportation {unknown}
 i - 4 scrolls of identify
 j - 2 scrolls of amnesia
 k - a scroll of fear {unknown}
 n - a scroll of enchant armour
 o - a scroll of remove curse {unknown}
 q - 2 scrolls of magic mapping {unknown}
 r - a scroll of noise
 w - a scroll of enchant weapon {unknown}
 y - a scroll of fog {unknown}
Potions
 t - a potion of stabbing {unknown}
 v - a potion of haste {unknown}
 x - a potion of brilliance {unknown}
 z - a potion of cancellation {unknown}
 A - a potion of degeneration {unknown}
Comestibles
 a - 4 chunks of flesh
 c - 4 rations


   Skills:
 + Level 4.6 Fighting
 + Level 4.6 Polearms
 + Level 0.4 Throwing
 + Level 1.3 Armour
 + Level 3.5 Dodging
 + Level 1.4 Stealth
 + Level 2.1 Invocations


You had 4 spell levels left.
You didn't know any spells.
Your spell library was empty.

Dungeon Overview and Level Annotations

Branches:
Dungeon (4/15)
 Temple: D:4-7

Altars:


Message History

The gnoll is almost dead.
You block the gnoll's attack. The gnoll barely misses you. The gnoll hits you.
You puncture the gnoll!
You kill the gnoll!
Lugonu accepts your kill. The gnoll closely misses you.
The gnoll barely misses you.
You closely miss the gnoll.
The gnoll hits you from afar with a +0 halberd!
The gnoll closely misses you.
You hit the gnoll.
The gnoll is moderately wounded.
The gnoll barely misses you.
The gnoll hits you from afar with a +0 halberd!
* * * LOW HITPOINT WARNING * * *
You are too injured to fight recklessly!
The gnoll hits you but does no damage.
There is a stone staircase leading up here.
The gnoll hits you but does no damage.
The gnoll hits you from afar with a +0 halberd!
You die...

#......#
+......#
......#
########+##
......####
..........#
#.........
..........#
#.........
.....<....#
#.........
..........#
#@........
..........#
#g........
#########....
##g...####
... #....# ..
#....# .
#....#
#.....).####
#.......#
#.......#


You could see 2 gnolls.

Vanquished Creatures
  Crazy Yiuf (D:3)
  A hound skeleton (D:4)
  A howler monkey zombie (D:3)
  A gnoll (D:4)
  2 oozes
  3 worms (D:3)
  A dart slug (D:1)
  2 leopard geckos
  2 orcs
  4 giant cockroaches
  9 goblins
  4 hobgoblins
  11 jackals
  2 ball pythons (D:2)
  10 bats
  5 frilled lizards
  2 kobolds (D:2)
  11 rats
  A plant (D:1)
73 creatures vanquished.

Notes
Turn   | Place    | Note
-------+----------+-------------------------------------------
     0 | Abyss:1  | FreshCat the Merfolk Abyssal Knight began the quest for the
                  | Orb.
     0 | Abyss:1  | Reached XP level 1. HP: 18/18 MP: 2/2
     0 | Abyss:1  | Noticed a fire bat
     1 | D:1      | Escaped the Abyss
   496 | D:1      | Reached XP level 2. HP: 23/24 MP: 3/3
   661 | D:1      | Reached * piety under Lugonu
  1204 | D:1      | Reached XP level 3. HP: 30/30 MP: 4/4
  1239 | D:2      | Reached skill level 1 in Armour
  1535 | D:2      | Reached ** piety under Lugonu
  1647 | D:2      | Reached XP level 4. HP: 31/37 MP: 5/5
  2453 | D:3      | Reached skill level 1 in Stealth
  2601 | D:3      | Reached XP level 5. HP: 42/42 MP: 6/6
  2659 | D:3      | Found a runed translucent door.
  2660 | D:3      | Noticed Crazy Yiuf
  2667 | D:3      | Killed Crazy Yiuf
  2804 | D:4      | Slain by a gnoll

Illustrated notes

Levels and vault maps discovered:
D:1:      mrwooster_arrival_statue, layout_loops_corners, serial_forest,
          infiniplex_forest_end_1, infiniplex_forest_lined_corner,
          infiniplex_forest_clump_diagonal, infiniplex_forest_clump_curved,
          infiniplex_forest_clump_small, kennysheep_decorative_pillar,
          minivault_5
D:2:      layout_rooms
D:3:      layout_rooms, first_ration, hangedman_feature_mirror,
          uniq_crazy_yiuf_cottage
D:4:      layout_gridville, okawaru_trees_2,
          minmay_temple_entry_statues_fountains, serial_shops, shop

Skill      XL: |  1  2  3  4 |
---------------+-------------+-----
Dodging        | 3 |  3.5
Fighting       | 4 |  4.6
Armour         | 1 |  1.3
Polearms       | 4 |  4.6
Stealth        | 1 |  1.4
Throwing       | |  0.4
Invocations    | |  2.1

Action                   |  1- 3 |  4- 6 || total
-------------------------+-------+-------++-------
Melee: Spear             |   202 |    38 ||   240
       Trident           |       |    65 ||    65
Throw: Stone             |    39 |     7 ||    46
Invok: Depart the Abyss  |     1 |       ||     1
  Use: Scroll            |       |     4 ||     4
 Stab: Distracted        |     1 |       ||     1
       Sleeping          |       |     2 ||     2
  Eat: Chunk             |     2 |     4 ||     6
Armor: Leather armour    |    43 |    26 ||    69
Dodge: Dodged            |    74 |    70 ||   144
Block: Buckler           |    15 |    13 ||    28
